 Dungeon Crawl Stone Soup version 0.29-a0-299-g4c793a2ed2 (webtiles) character file.

Game seed: 17074473350892068154

2672 Dabor the Cleaver (level 9, -2/102 (121) HPs)
             Began as a Hill Orc Monk on Mar 24, 2022.
             Was a Believer of Beogh.
             Slain by a scorpion (6 damage)
             ... on level 7 of the Dungeon.
             The game lasted 00:11:12 (8423 turns).

Dabor the Cleaver (Hill Orc Monk)                   Turns: 8423, Time: 00:11:13

HP:   -2/102 (121)  AC: 24    Str: 18    XL:     9   Next: 63%
MP:   8/8           EV:  2    Int: 10    God:    Beogh [**....]
Gold: 293           SH:  0    Dex: 15    Spells: 8/8 levels left

rFire   + . .      SeeInvis .   n - +3 battleaxe
rCold   + . .      Faith    .   (shield currently unavailable)
rNeg    . . .      Spirit   .   (body armour currently unavailable)
rPois   +          Reflect  .   (helmet currently unavailable)
rElec   +          Harm     .   (cloak currently unavailable)
rCorr   +          Rampage  .   (gloves currently unavailable)
Will    .....      NoTele   +   (boots currently unavailable)
Stlth   +.........              y - amulet of regeneration
HPRegen 1.07/turn               (no ring)
MPRegen 0.11/turn               (no ring)

@: lethally poisoned (-2 -> -7), tree-form, silenced, resistant, heavily drained
A: stationary, stasis, torment immunity, boosted hp, agile 1, (deformed body),
low MP 1
a: Renounce Religion


You were on level 7 of the Dungeon.
You worshipped Beogh.
Beogh was pleased with you.
You were a tree.
You visited 2 branches of the dungeon, and saw 8 of its levels.

You collected 293 gold pieces.

Inventory:

Hand Weapons
 a - a +0 hand axe
 n - a +3 battleaxe (weapon)
 r - a +2 spear of venom
Missiles
 i - 2 poisoned darts (quivered)
Armour
 b - a +0 robe
 c - +0 steam dragon scales
 k - a +1 leather armour of willpower (melded)
 q - a +0 kite shield
Jewellery
 y - an amulet of regeneration (around neck)
 A - a ring of see invisible
 B - a ring of ice
Scrolls
 e - 2 scrolls of immolation
 g - 3 scrolls of teleportation
 l - a scroll of vulnerability
 m - a scroll of enchant weapon
 s - 2 scrolls of enchant armour
 D - a scroll of identify
 E - a scroll of magic mapping {unknown}
Potions
 h - a potion of flight
 o - a potion of attraction
 t - a potion of magic {unknown}
 z - 2 potions of cancellation


   Skills:
 + Level 7.9 Fighting
 + Level 8.6 Axes
 + Level 5.7 Armour
 + Level 5.4 Dodging
 - Level 2.2 Stealth
 + Level 5.8 Shields


You had 8 spell levels left.
You didn't know any spells.
Your spell library contained the following spells:

 Spells                   Type           Power      Damage    Failure   Level
 Frozen Ramparts          Ice            0%         1d2       75%         3
 Gell's Gravitas          Tloc           0%         N/A       75%         3
 Ignite Poison            Fire/Tmut/Pois 0%         N/A       75%         3
 Mephitic Cloud           Conj/Pois/Air  0%         N/A       75%         3
 Ozocubu's Armour         Ice            0%         N/A       75%         3
 Hailstorm                Conj/Ice       0%         3d3       98%         4
 Ice Form                 Ice/Tmut       0%         N/A       98%         4
 Summon Ice Beast         Ice/Summ       0%         N/A       98%         4
 Alistair's Intoxication  Tmut/Pois      0%         N/A       100%        5
 Freezing Cloud           Conj/Ice/Air   0%         6-21      100%        5
 Simulacrum               Ice/Necr       0%         N/A       100%        6
 Malign Gateway           Summ/Tloc      0%         N/A       100%        7
 Ozocubu's Refrigeration  Ice            0%         4d5       100%        7


Dungeon Overview and Level Annotations

Branches:
Dungeon (7/15)             Temple (1/1) D:7

Altars:
Ashenzari
Cheibriados
Dithmenos
Elyvilon
Fedhas
Gozag
Hepliaklqana
Kikubaaqudgha
Makhleb
Nemelex Xobeh
Okawaru
Qazlal
Sif Muna
Trog
Uskayaw
Vehumet
Wu Jian
Xom
Yredelemnul
Zin
The Shining One

Annotations:
D:3 3 runed translucent doors, Longtemps's ghost, weakling OpFE; Tutankhamun's ghost, weakling DsBe


Innate Abilities, Weirdness & Mutations

You are a tree.
Your roots penetrate the ground, keeping you stationary.
You cannot be teleported.
You are immune to unholy pain and torment.
Your maximum health is greatly increased.
Your equipment is partially melded.
You are agile. (Dex +2)
((Armour fits poorly on your strangely shaped body.))
Your magical capacity is low. (-10% MP)


Message History

You barely miss the orc.
The orc is moderately wounded.
The orc hits you with a +0 club.
You slice the orc!!
You kill the orc!
Beogh accepts your kill. The scorpion stings you.
You hit the scorpion.
The scorpion is lightly wounded.
The scorpion stings you.
You are poisoned.
The scorpion poisons you!
You barely miss the scorpion.
The scorpion is lightly wounded.
You feel very sick. The scorpion stings you.
* * * LOW HITPOINT WARNING * * *
The scorpion stings you.
* * * LOW HITPOINT WARNING * * *
You are lethally poisoned!
The scorpion poisons you!
Okay, then.
As you read the scroll labelled VARASTR RASYWU, it crumbles to dust.
A profound silence engulfs you.
It was a scroll of silence.
* * * LOW HITPOINT WARNING * * *
You feel very sick. The scorpion stings you.
* * * LOW HITPOINT WARNING * * *
Really quaff the potion of lignification?
You turn into a tree.
Your +1 leather armour of willpower melds into your body.
You feel less strong-willed.
Your roots penetrate the ground.
* * * LOW HITPOINT WARNING * * *
You feel very sick.
The scorpion stings you but does no damage.
You feel protected.
* * * LOW HITPOINT WARNING * * *
You feel very sick. The scorpion stings you.
You die...

######.....#
#####.###.# #....>#
#.# #. #.###.###.#
#.. #.# #.....# #..
#.# ####### #.# #.#
#s#############.#
........[..s♣)..#
#####[#######.#######
...)).# #)# ####(.###
#.# #...[..#####s##
#.##.≈≈s....≈.##
#.#.$≈≈≈.≈...≈.##
#..≈...........≈#
#≈≈≈≈≈≈≈≈≈≈≈≈≈≈≈≈≈≈≈#


You could see a scorpion.

Vanquished Creatures
  3 steam dragons
  2 water moccasins
  An ice beast (D:3)
  2 black bears
  3 ogres
  Blork the orc (D:4)
  2 bullfrogs
  2 necrophages
  2 scorpions (D:5)
  8 wights
  3 killer bees (D:7)
  A gnoll shaman (D:5)
  4 hounds
  An iguana (D:4)
  4 orc wizards
  6 gnolls
  8 adders
  3 shadow imps
  3 white imps (D:6)
  An ufetubus (D:6)
  2 dart slugs (D:2)
  12 orcs
  7 ball pythons
  3 bats
  10 endoplasms
  2 giant cockroaches
  7 goblins
  7 hobgoblins
  6 kobolds
  A quokka (D:3)
  6 frilled lizards
  12 rats
135 creatures vanquished.

Vanquished Creatures (others)
  An orc priest (D:7)
  3 plants (D:7)
  6 withered plants (D:3)
10 creatures vanquished.

Grand Total: 145 creatures vanquished

Notes
Turn   | Place    | Note
-------+----------+-------------------------------------------
     0 | D:1      | Dabor the Hill Orc Monk began the quest for the Orb.
     0 | D:1      | Reached XP level 1. HP: 19/19 MP: 1/1
    70 | D:1      | Reached XP level 2. HP: 13/27 MP: 2/2
   271 | D:1      | Found a faded altar of an unknown god.
  1074 | D:1      | Reached XP level 3. HP: 33/33 MP: 3/3
  1948 | D:2      | Reached XP level 4. HP: 39/40 MP: 4/4
  2472 | D:3      | Found a runed translucent gate.
  2472 | D:3      | Found a runed translucent gate.
  2472 | D:3      | Found a runed translucent gate.
  2477 | D:3      | Noticed Tutankhamun's ghost (weakling DsBe)
  2477 | D:3      | Noticed Longtemps's ghost (weakling OpFE)
  2597 | D:3      | Got the Incunabulum of Venomous Displacement
  2779 | D:3      | Reached skill level 5 in Axes
  2779 | D:3      | Reached skill level 1 in Armour
  2779 | D:3      | Reached XP level 5. HP: 35/47 MP: 5/5
  3029 | D:3      | Noticed an ice beast
  3041 | D:3      | Killed an ice beast
  3042 | D:3      | Reached skill level 1 in Shields
  3042 | D:3      | Reached XP level 6. HP: 37/55 MP: 6/6
  3223 | D:3      | Reached skill level 5 in Fighting
  3595 | D:4      | Noticed a black bear
  3605 | D:4      | Killed a black bear
  3790 | D:4      | Reached XP level 7. HP: 48/61 MP: 7/7
  3948 | D:4      | Noticed Blork the orc
  3958 | D:4      | Killed Blork the orc
  3959 | D:4      | Reached skill level 6 in Axes
  4589 | D:5      | Entered Level 5 of the Dungeon
  4956 | D:5      | Reached XP level 8. HP: 21/70 MP: 8/8
  6069 | D:6      | Reached skill level 7 in Axes
  6278 | D:6      | Gained mutation: You are weak. (Str -2) [potion of
                  | mutation]
  6278 | D:6      | Gained mutation: You are frail. (-10% HP) [potion of
                  | mutation]
  6278 | D:6      | Gained mutation: Your spells are a little easier to cast,
                  | but a little less powerful. [potion of mutation]
  6279 | D:6      | Lost mutation: You are weak. (Str -2) [potion of mutation]
  6279 | D:6      | Lost mutation: Your spells are a little easier to cast, but
                  | a little less powerful. [potion of mutation]
  6279 | D:6      | Lost mutation: You are frail. (-10% HP) [potion of
                  | mutation]
  6279 | D:6      | Gained mutation: Your magical capacity is low. (-10% MP)
                  | [potion of mutation]
  6279 | D:6      | Gained mutation: Armour fits poorly on your strangely
                  | shaped body. [potion of mutation]
  6279 | D:6      | Gained mutation: You are agile. (Dex +2) [potion of
                  | mutation]
  6918 | D:6      | Reached XP level 9. HP: 50/79 MP: 8/8
  7015 | D:6      | Reached skill level 8 in Axes
  7015 | D:6      | Reached skill level 5 in Armour
  7015 | D:6      | Reached skill level 5 in Dodging
  7015 | D:6      | Reached skill level 5 in Shields
  7704 | D:7      | Found a staircase to the Ecumenical Temple.
  8120 | Temple   | Entered the Ecumenical Temple
  8380 | D:7      | Became a worshipper of Beogh the Brigand
  8380 | D:7      | Reached * piety under Beogh
  8380 | D:7      | Reached ** piety under Beogh
  8423 | D:7      | HP: 4/102 [poisoned by a scorpion]
  8423 | D:7      | Slain by a scorpion

Illustrated notes

Levels and vault maps discovered:
D:1:      shiori_arrival_maze, layout_rooms, serial_glass, glass_columns_a,
          glass_columns_a, basic_ecumenical_altar, minmay_rat_gold_closets
D:2:      layout_loops_ring
D:3:      layout_rooms, gammafunk_ghost_cemetery, minmay_joined_circles
D:4:      layout_gridville, uniq_blork_the_orc
D:5:      layout_loops_ring
D:6:      cheibrodos_steamvent, layout_loops_cross, nicolae_figureground_pulse
D:7:      layout_loops_ring, minmay_temple_entry_gardened_gates,
          chequers_serial_rivers_small_3
Temple:   dpeg_three_leaves_temple

Skill      XL: |  1  2  3  4  5  6  7  8  9 |
---------------+----------------------------+-----
Fighting       | 4 5 6 7 |  7.9
Stealth        | 2 |  2.2
Dodging        | 3 4 5 |  5.4
Axes           | 5 6 7 8 |  8.6
Armour         | 1 2 3 4 5 |  5.7
Shields        | 1 2 3 4 5 |  5.8

Action                   |  1- 3 |  4- 6 |  7- 9 || total
-------------------------+-------+-------+-------++-------
Melee: Hand axe          |   112 |    11 |       ||   123
       Punch             |     1 |       |       ||     1
       Spear             |       |    78 |   302 ||   380
       Battleaxe         |       |       |    22 ||    22
Throw: Dart              |     9 |    26 |    35 ||    70
       Throwing net      |       |       |     4 ||     4
Invok: Convert to Beogh  |       |       |     1 ||     1
Evoke: Wand              |       |       |    17 ||    17
  Use: Potion            |     1 |     6 |    10 ||    17
       Scroll            |       |     7 |     4 ||    11
 Stab: Sleeping          |     9 |     3 |     4 ||    16
       Held in net/web   |       |       |     1 ||     1
Armor: Robe              |    12 |       |       ||    12
       Leather armour    |     3 |    20 |    40 ||    63
       Skin              |       |       |    10 ||    10
Dodge: Dodged            |    61 |    36 |   142 ||   239
Block: Kite shield       |       |    23 |   119 ||   142

Table legend: (Time is in decaauts)
 A = Elapsed time spent in this place.
 B = Non-inter-level travel time spent in this place.
 C = Inter-level travel time spent in this place.
 D = Time resting spent in this place.
 E = Time spent auto-exploring this place.
 F = Levels seen in this place.
 G = Mean time per level.
                   A        B        C        D        E       F      G
               +--------+--------+--------+--------+--------+-----+--------+
         Total |   8490 |   8292 |    198 |   2317 |   4639 |   8 | 1061.2 |
       Dungeon |   8410 |   8227 |    183 |   2317 |   4584 |   7 | 1201.4 |
        Temple |     79 |     64 |     15 |      0 |     55 |   1 |   79.0 |
               +--------+--------+--------+--------+--------+-----+--------+

Top non-repeatable levels by time:
     D:6: 1978 daAuts
     D:5: 1482 daAuts
     D:1: 1341 daAuts
     D:3: 1208 daAuts
     D:4: 1095 daAuts
     D:2: 976 daAuts
     D:7: 327 daAuts
  Temple: 79 daAuts
